 Dungeon Crawl Stone Soup version 0.27.1-4-g1640c2035a (webtiles) character file.

Game seed: 9686001461434849422

0 bearlyready the Skirmisher (level 1, 0/24 HPs)
             Began as an Ogre Delver on Nov 13, 2021.
             Slain by a hound (4 damage)
             ... on level 3 of the Dungeon.
             The game lasted 00:00:25 (70 turns).

bearlyready the Skirmisher (Ogre Delver)              Turns: 70, Time: 00:00:26

Health: 0/24       AC:  3    Str: 15    XL:     1   Next: 0%
Magic:  1/1        EV:  9    Int: 11    God:
Gold:   0          SH:  0    Dex: 10    Spells: 0/0 levels left

rFire    . . .     SeeInvis .   a - +0 mace
rCold    . . .     Faith    .   (no shield)
rNeg     . . .     Spirit   .   b - +0 robe
rPois    .         Reflect  .   (helmet restricted)
rElec    .         Harm     .   (no cloak)
rCorr    .         Rampage  .   (gloves unavailable)
Will     .....                  (boots unavailable)
Stlth    ++........             (no amulet)
HPRegen  0.08/turn              (no ring)
MPRegen  0.07/turn              (no ring)

@: hasted, very quick
A: large, unfitting armour, tough skin 1
a: no special abilities


You were on level 3 of the Dungeon.
You visited 1 branch of the dungeon, and saw 3 of its levels.

Inventory:

Hand Weapons
 a - a +0 mace (weapon)
Armour
 b - a +0 robe (worn)
Wands
 g - a wand of digging (3)
Scrolls
 c - a scroll of fog
 d - a scroll of magic mapping
 e - a scroll of fear
Potions
 h - a potion of brilliance {unknown}


   Skills:
 - Level 4.0 Fighting
 + Level 1.7 Maces & Flails
 - Level 1.7 Dodging
 - Level 3.7 Stealth


You couldn't memorise any spells.
You didn't know any spells.
Your spell library was empty.

Dungeon Overview and Level Annotations

Branches:
Dungeon (5/15)
 Temple: D:4-7

Altars:
Dithmenos

Shops:
D:4 [


Innate Abilities, Weirdness & Mutations

You are too large for most types of armour.
You have tough skin. (AC +1)


Message History

You hit the hound but do no damage. The hound barely misses you.
The hound closely misses you.
You hit the hound.
The hound is moderately wounded.
The hound bites you.
You sock the hound!
The hound is severely wounded.
The hound bites you but does no damage.
You hit the hound.
The hound is almost dead.
The hound closely misses you. The hound bites you.
* * * LOW HITPOINT WARNING * * *
You barely miss the hound.
The hound is almost dead.
The hound barely misses you.
You barely miss the hound.
The hound is almost dead.
The hound bites you but does no damage.
You closely miss the hound.
The hound is almost dead.
The hound bites you.
* * * LOW HITPOINT WARNING * * *
The hound bites you but does no damage.
You closely miss the hound.
The hound is almost dead.
The hound closely misses you.
You closely miss the hound.
The hound is almost dead.
The hound barely misses you.
You barely miss the hound.
The hound is almost dead.
The hound barely misses you. The hound bites you.
* * * LOW HITPOINT WARNING * * *
You hit the hound.
The hound is almost dead.
The hound barely misses you.
You closely miss the hound.
The hound is almost dead.
The hound bites you.
You die...

.. . #. #
#.# #.#..#
#.....
##...##
#...h@#
#........#
#.........#
#.........#
#..........
##.:......##
##.....#..
##...#####


You could see a hound.

Vanquished Creatures (others)
  9 fungi (D:5)
9 creatures vanquished.

Notes
Turn   | Place    | Note
-------+----------+-------------------------------------------
     0 | D:5      | bearlyready the Ogre Delver began the quest for the Orb.
     0 | D:5      | Reached XP level 1. HP: 24/24 MP: 1/1
    48 | D:4      | Found Agges's Antique Armour Shop.
    48 | D:4      | Found a shadowy altar of Dithmenos.
    49 | D:4      | Noticed a hound
    70 | D:3      | Slain by a hound

Illustrated notes

Levels and vault maps discovered:
D:3:      layout_loops_corners, mainiacjoe_overflow_chevrons,
          minmay_fountain_box, kennysheep_generic_room_12
D:4:      layout_cave_pools, nicolae_dithmenos_through_a_glass_darkly,
          lemuel_crystal_altar, minmay_temple_entry_antechambers, serial_shops,
          shop, grunt_decor_resistance, palyth_stone_intersect, uniq_ijyb
D:5:      layout_loops_cross, general_overflow_altar, portal_sewer_entry_d,
          serial_aquarium, aquarium_bridge_square [aquarium_subvault_bridge,
          aquarium_subvault_bridge, aquarium_subvault_bridge,
          aquarium_subvault_bridge], aquarium_window_corner, aquarium_window_1,
          aquarium_window_1, aquarium_window_corner, aquarium_view_2c,
          aquarium_view_2c, minmay_crystal_water

Action                   || total
-------------------------++-------
Melee: Mace              ||    12
  Use: Potion            ||     1
Armor: Robe              ||     5
Dodge: Dodged            ||     9
